 Dungeon Crawl Stone Soup version 0.21.1-1-g345015fe64 (webtiles) character file.

133 Kohma the Ruffian (level 4, -1/34 (35) HPs)
             Began as a Draconian Transmuter on June 24, 2018.
             Slain by Grinder (5 damage)
             ... on level 3 of the Dungeon.
             The game lasted 00:06:41 (2463 turns).

Kohma the Ruffian (Draconian Transmuter)            Turns: 2463, Time: 00:06:41

HP:   -1/34 (35)    AC:  6    Str: 13    XL:     4   Next: 93%
MP:   1/7           EV: 12    Int: 13    God:
Gold: 70            SH:  0    Dex: 12    Spells: 5/8 levels left

rFire    . . .     SeeInvis .     - Unarmed
rCold    . . .     Gourm    .   (no shield)
rNeg     . . .     Faith    .   (armour unavailable)
rPois    .         Spirit   .   (helmet restricted)
rElec    .         Reflect  .   (no cloak)
rCorr    .         Harm     .   i - +0 pair of gloves
MR       .....                  (no boots)
Stlth    +.........             (no amulet)
HPRegen  0.11/turn              (no ring)
MPRegen  0.10/turn              (no ring)

@: appendage, very slightly contaminated
A: unfitting armour, horns 2, cold-blooded, AC +5
a: End Transformation


You were on level 3 of the Dungeon.
You were not hungry.
You had grown temporary horns.
You visited 1 branch of the dungeon, and saw 3 of its levels.

You collected 70 gold pieces.

Inventory:

Missiles
 a - 18 arrows
 g - 18 stones (quivered)
Armour
 i - a +0 pair of gloves (worn)
Magical Staves
 t - an uncursed staff of air {unknown}
Jewellery
 f - an uncursed amulet of regeneration {unknown}
 k - an uncursed ring of fire {unknown}
Scrolls
 d - 4 scrolls of identify {unknown}
 e - 4 scrolls of enchant armour {unknown}
 l - a scroll of fog {unknown}
 p - a scroll of teleportation {unknown}
 r - a scroll of amnesia {unknown}
Potions
 h - a potion of heal wounds {unknown}
 j - 2 potions of degeneration {unknown}
 m - 2 potions of mutation {unknown}
 n - a potion of invisibility {unknown}
 o - a potion of haste {unknown}
 q - a potion of curing {unknown}
Books
 b - a book of Changes

   Spells                             Type                      Level
   a - Beastly Appendage              Transmutation                1
   b - Sticks to Snakes               Transmutation                2
   c - Spider Form                    Transmutation/Poison         3
   d - Ice Form                       Ice/Transmutation            4
   e - Blade Hands                    Transmutation                5
Comestibles
 c - 8 rations


   Skills:
 - Level 1.1 Fighting
 + Level 2.5 Dodging
 * Level 4.0 Unarmed Combat
 + Level 2.6 Spellcasting
 * Level 3.3 Transmutations


You had 5 spell levels left.
You knew the following spells:

 Your Spells              Type           Power        Failure   Level  Hunger
a - Beastly Appendage     Tmut           ##....       6%          1    #......
b - Sticks to Snakes      Tmut           ##......     9%          2    ###....


Dungeon Overview and Level Annotations

Branches:
Dungeon (3/15)

Altars:

Annotations:
D:3 Grinder


Innate Abilities, Weirdness & Mutations

Your plain brown scales are hard. (AC +5)
You cannot fit into any form of body armour.
You are cold-blooded and may be slowed by cold attacks.
You have a pair of horns on your head.


Message History

Your ball python bites Grinder but does no damage.
Grinder hits you but does no damage.
Your ball python withers and dies!
Your ball python barely misses Grinder.
Your ball python constricts Grinder.
Your ball python bites Grinder but does no damage.
Your ball python constricts Grinder.
Grinder hits you.
You writhe in agony.
Your ball python bites Grinder.
Your ball python constricts Grinder.
Grinder says, "Mostly I couldn't keep them alive."
Grinder hits you.
You writhe in agony.
* * * LOW HITPOINT WARNING * * *
You can move again.
You hit Grinder.
Grinder is heavily wounded.
Your ball python bites Grinder.
Your ball python constricts Grinder.
You barely miss Grinder. Your headbutt misses Grinder.
Grinder is heavily wounded.
Grinder hits you.
* * * LOW HITPOINT WARNING * * *
You writhe in agony.
You die...

########........
...........###.#
###.#.##..### ##
###.#.##.....# #.
##.....##.###.#
#.# ##..#..# .#
#.###<.# ....#..#
.# #..#...
..(.......#
#...#######
##...###.#
#.@.......# ##..##
#.#####.5.#####..
##.##
#......S......>.
...#
#...............
##.##
##.............$.
###.##
##..####[..#####..
# ##.###.#.#
#....... . #
#.....>.# #...####
#.####### #...#


You could see Grinder and a friendly ball python.

Vanquished Creatures
  A necrophage (D:3)
  An adder (D:3)
  A leopard gecko (D:2)
  A ball python (D:1)
  5 giant cockroaches
  7 goblins
  3 hobgoblins (D:1)
  3 jackals (D:2)
  A quokka (D:3)
  4 bats
  2 frilled lizards
  5 kobolds
  2 rats
36 creatures vanquished.

Vanquished Creatures (collateral kills)
  Robin (D:2)
  An adder (D:3)
  A dart slug (D:2)
  2 giant cockroaches (D:3)
  6 goblins (D:2)
  A hobgoblin (D:2)
  A jackal (D:2)
13 creatures vanquished.

Grand Total: 49 creatures vanquished

Notes
Turn   | Place    | Note
-------+----------+-------------------------------------------
     0 | D:1      | Kohma the Draconian Transmuter began the quest for the Orb.
     0 | D:1      | Reached XP level 1. HP: 16/16 MP: 3/3
   217 | D:1      | Reached XP level 2. HP: 12/23 MP: 5/5
   390 | D:1      | Learned a level 2 spell: Sticks to Snakes
  1468 | D:2      | Reached XP level 3. HP: 28/28 MP: 6/6
  1536 | D:2      | Noticed Robin
  1591 | D:2      | Killed Robin
  1950 | D:3      | Noticed a necrophage
  1964 | D:3      | Killed a necrophage
  1964 | D:3      | Reached XP level 4. HP: 8/34 MP: 1/7
  2223 | D:3      | Reached skill level 4 in Unarmed Combat
  2439 | D:3      | Noticed Grinder
  2443 | D:3      | Paralysed by Grinder for 5 turns
  2454 | D:3      | Paralysed by Grinder for 7 turns
  2463 | D:3      | Slain by Grinder

Skill      XL: |  1  2  3  4 |
---------------+-------------+-----
Dodging        | 2 |  2.5
Transmutations | 3 |  3.3
Unarmed Combat | 4 |  4.0
Fighting       | |  1.1
Spellcasting   | |  2.6

Action                   |  1- 3 |  4- 6 || total
-------------------------+-------+-------++-------
Melee: Unarmed           |   106 |    16 ||   122
       Tailslap          |    12 |     1 ||    13
       Headbutt          |     1 |       ||     1
 Cast: Sticks to Snakes  |    12 |     6 ||    18
       Beastly Appendage |     2 |     1 ||     3
 Stab: Sleeping          |     1 |       ||     1
       Distracted        |       |     1 ||     1
  Eat: Ration            |     1 |       ||     1
       Chunk             |       |     3 ||     3
Armor: Skin              |    48 |    12 ||    60
Dodge: Dodged            |   103 |    19 ||   122
